cohdb
Replays
Latest Replays
All Replays
Popular Replays
Top Player Replays
Match Explorer
How It Works
Community
CoH3 Stats
Reddit
Sign in to upload your games and track your stats! →
Sign in with Steam
Match 37117449
Unlisted
Match 37117449
Overview
Messages
Build Orders
End
Engineer Squad
Engineer Squad
Selects Armored Battlegroup
Selects Assault Engineers
Construct Weapon Support Center
M1919 Machine Gun Team
M1919 Machine Gun Team
M1919 Machine Gun Team
Construct Medical Station
Bazooka Squad
Improved M9 Bazooka Rockets
Bazooka Squad
Bazooka Squad
Air Support Center
.30 cal Machine Gun
Selects Strength in Steel
Selects M8 Scott SPG
Selects UNKNOWN (2160077)
P-47 Strafing Run
.30 cal Machine Gun
Selects M31 Recovery Vehicle
Construct Tank Depot
P-47 Dive Bomb
M4A3E8 Sherman Easy Eight
Leo invictum
Artas
deadsadbadmad
Alessandro-9891
0
0
Comments
sign in to comment!
No comments posted yet!